 Dungeon Crawl Stone Soup version 0.30-a0-331-g8ab09dc110 (webtiles) character file.

Game seed: 18017770826804074769

189 p00ps00p the Chopper (level 5, -5/41 HPs)
             Began as a Demonspawn Gladiator on Oct 29, 2022.
             Slain by an iguana (11 damage)
             ... on level 4 of the Dungeon.
             The game lasted 00:05:38 (3077 turns).

p00ps00p the Chopper (Demonspawn Gladiator)         Turns: 3077, Time: 00:05:39

Health: -5/41      AC:  7    Str: 17    XL:     5   Next: 40%
Magic:  5/5        EV:  7    Int:  9    God:
Gold:   171        SH: 10    Dex: 14    Spells: 4/4 levels left

rFire   . . .      SeeInvis .    a - +0 war axe
rCold   . . .      Faith    .    r - +0 tower shield
rNeg    + . .      Spirit   .    b - +0 leather armour
rPois   .          Reflect  .    c - +0 helmet
rElec   .          Harm     .    h - +0 cloak
rCorr   .          Rampage  .    (no gloves)
Will    .....                    (no boots)
Stlth   +.........               (no amulet)
HPRegen 0.26/turn                t - ring of positive energy
MPRegen 0.09/turn                (no ring)

@: no status effects
A: slimy green scales 1, powered by death 2
a: no special abilities


You were on level 4 of the Dungeon.
You visited 1 branch of the dungeon, and saw 4 of its levels.

You collected 171 gold pieces.

Inventory:

Hand Weapons
 a - a +0 war axe (weapon)
Missiles
 d - 2 throwing nets
 f - 3 curare-tipped darts (quivered)
 l - a javelin
Armour
 b - a +0 leather armour (worn)
 c - a +0 helmet (worn)
 h - a +0 cloak (worn)
 r - a +0 tower shield (worn)
Jewellery
 t - a ring of positive energy (left hand)
Scrolls
 g - 5 scrolls of identify {unknown}
 i - a scroll of teleportation {unknown}
 j - a scroll of enchant armour {unknown}
 k - 2 scrolls of poison {unknown}
 o - a scroll of amnesia {unknown}
 s - a scroll of butterflies {unknown}
Potions
 e - a potion of mutation {unknown}
 m - a potion of heal wounds {unknown}
 n - a potion of attraction {unknown}
 p - 3 potions of curing {unknown}
 q - 2 potions of brilliance {unknown}


   Skills:
 + Level 3.2 Fighting
 + Level 3.6 Axes
 + Level 3.0 Throwing
 + Level 2.1 Armour
 - Level 2.6 Dodging


You had 4 spell levels left.
You didn't know any spells.
Your spell library contained the following spells:

 Spells                   Type           Power      Damage    Failure   Level
 Apportation              Tloc           0%         N/A       100%        1
 Beastly Appendage        Tmut           0%         N/A       100%        1
 Freeze                   Ice            0%         1d3       100%        1
 Kiss of Death            Conj/Necr      0%         2d5       100%        1
 Sting                    Tmut/Pois      0%         1d3       100%        1
 Ensorcelled Hibernation  Hex/Ice        0%         N/A       100%        2
 Wereblood                Tmut           0%         N/A       100%        2
 Call Canine Familiar     Summ           0%         N/A       100%        3
 Confusing Touch          Hex            0%         N/A       100%        3
 Frozen Ramparts          Ice            0%         1d1       100%        3
 Hailstorm                Conj/Ice       0%         3d3       100%        3
 Portal Projectile        Hex/Tloc       0%         N/A       100%        3
 Spider Form              Tmut/Pois      0%         N/A       100%        3
 Stone Arrow              Conj/Erth      0%         3d7       100%        3
 Anguish                  Hex/Necr       0%         N/A       100%        4
 Animate Armour           Summ/Erth      0%         N/A       100%        4
 Dispel Undead            Necr           0%         3d6       100%        4
 Leda's Liquefaction      Hex/Erth       0%         N/A       100%        4
 Alistair's Intoxication  Tmut/Pois      0%         N/A       100%        5
 Summon Forest            Summ/Tloc      0%         N/A       100%        5
 Eringya's Noxious Bog    Tmut/Pois      0%         N/A       100%        6
 Summon Hydra             Summ           0%         N/A       100%        7
 Lehudib's Crystal Spear  Conj/Erth      0%         10d2      100%        8


Dungeon Overview and Level Annotations

Branches:
Dungeon (4/15)
 Temple: D:4-7

Altars:
Cheibriados
Fedhas
Gozag
Ru

Shops:
D:3 :


Innate Abilities, Weirdness & Mutations

You are partially covered in slimy green scales. (AC +2)
You regenerate health from kills.


Message History

You kill the goblin!
You see here a +0 club.
g - 5 scrolls labelled TOWKAL TOSE (gained 1)
Found a robe.
You see here a +0 robe.
A hobgoblin comes into view. It is wielding a +0 quick blade.
The hobgoblin barely misses you.
You barely miss the hobgoblin. The hobgoblin barely misses you.
You block the hobgoblin's attack.
You completely miss the hobgoblin. The hobgoblin completely misses you.
You block the hobgoblin's attack.
You slash the hobgoblin!
You kill the hobgoblin!
Things that are here:
a +0 quick blade; a hobgoblin corpse A dart slug comes into view.
You hit the dart slug but do no damage. You block the dart slug's attack.
The dart slug bites you.
You slash the dart slug!
You kill the dart slug!
You enter the shallow water.
Moving in this stuff is going to be slow.
Found a snail-covered altar of Cheibriados.
An iguana comes into view.
The iguana hisses angrily.
An iguana is nearby!
The iguana bites you! The iguana bites you!
You barely miss the iguana. The iguana bites you. The iguana bites you!
* * * LOW HITPOINT WARNING * * *
You hit the iguana.
The iguana is moderately wounded.
The iguana closely misses you.
You hit the iguana but do no damage.
The iguana is lightly wounded.
The iguana bites you but does no damage.
The iguana bites you.
* * * LOW HITPOINT WARNING * * *
The iguana bites you!
You die...

.......# .. .......#
..##........# ..
......####.##........##..
...##...#...#.....#......
.........<...........$...
#...#....................
##..#.......#............
#..##..####..............
##..^..####.....@........
.........##....#.l...##..
.........##.#.#~~~.#.#
#.##........##~≈≈≈~.....
#....#).....#_~~.≈~......
.....#.....###~≈≈≈~......
..##.#.....# #.~~~.......
...#......####..........
.........##.#...##......


You could see an iguana.

Vanquished Creatures
  An ice beast (D:4)
  An iguana (D:4)
  2 adders (D:2)
  2 worms
  A dart slug (D:4)
  4 endoplasms
  2 giant cockroaches (D:1)
  A goblin (D:4)
  5 hobgoblins
  4 jackals (D:2)
  3 kobolds
  A quokka (D:2)
  7 ball pythons
  3 bats (D:2)
  4 frilled lizards
  4 rats
45 creatures vanquished.

Vanquished Creatures (others)
  A fungus (D:4)
1 creature vanquished.

Grand Total: 46 creatures vanquished

Notes
Turn   | Place    | Note
-------+----------+-------------------------------------------
     0 | D:1      | p00ps00p the Demonspawn Gladiator began the quest for the
                  | Orb.
     0 | D:1      | Reached XP level 1. HP: 16/16 MP: 1/1
    91 | D:1      | Found a faded altar of an unknown god.
    99 | D:1      | Got Plato's Treatise on the Black Widow
   361 | D:1      | Gained mutation: You are partially covered in slimy green
                  | scales. (AC +2) [demonic ancestry]
   361 | D:1      | Reached XP level 2. HP: 7/22 MP: 2/2
   912 | D:2      | Reached skill level 1 in Armour
   939 | D:2      | Reached XP level 3. HP: 28/28 MP: 3/3
  1338 | D:2      | Found a blossoming altar of Fedhas.
  1931 | D:3      | Identified the +1 pair of gloves "Barchum" {Str+5}
  2401 | D:3      | Found Viess's Book Shop.
  2776 | D:3      | Found a sacrificial altar of Ru.
  2838 | D:4      | Noticed an ice beast
  2849 | D:4      | Killed an ice beast
  2850 | D:4      | Gained mutation: You regenerate a little health from kills.
                  | [demonic ancestry]
  2850 | D:4      | Reached XP level 4. HP: 19/35 MP: 4/4
  2850 | D:4      | Gained mutation: You regenerate health from kills. [demonic
                  | ancestry]
  2850 | D:4      | Reached XP level 5. HP: 22/41 MP: 5/5
  2959 | D:4      | Found an opulent altar of Gozag.
  3068 | D:4      | Found a snail-covered altar of Cheibriados.
  3077 | D:4      | Slain by an iguana

Illustrated notes

Levels and vault maps discovered:
D:1:      heliophobic_arrival_dark_side_of_the_moon, layout_basic,
          shapermc_ecumenical_altar_rom_forum
D:2:      layout_basic, basic_altar
D:3:      layout_basic, nicolae_ru_path_of_blood, serial_shops,
          nicolae_shop_trees, minmay_quantized
D:4:      layout_cave_pools, kennysheep_slug_shrine,
          nicolae_overflow_crystal_walls, mainiacjoe_overflow_chevrons,
          minmay_between

Skill      XL: |  1  2  3  4  5 |
---------------+----------------+-----
Throwing       | 2 3 |  3.0
Axes           | 3 |  3.6
Armour         | 1 2 |  2.1
Fighting       | 3 |  3.2
Dodging        | |  2.6

Action                   |  1- 3 |  4- 6 || total
-------------------------+-------+-------++-------
Melee: War axe           |   119 |    18 ||   137
       Punch             |     1 |       ||     1
Throw: Throwing net      |     5 |       ||     5
       Dart              |     4 |       ||     4
       Javelin           |     1 |       ||     1
Armor: Leather armour    |    67 |     3 ||    70
Dodge: Dodged            |   103 |     7 ||   110
Block: Tower shield      |    19 |     9 ||    28

Table legend: (Time is in decaauts)
 A = Elapsed time spent in this place.
 B = Non-inter-level travel time spent in this place.
 C = Inter-level travel time spent in this place.
 D = Time resting spent in this place.
 E = Time spent auto-exploring this place.
 F = Levels seen in this place.
 G = Mean time per level.
                   A        B        C        D        E       F      G
               +--------+--------+--------+--------+--------+-----+--------+
         Total |   3144 |   3044 |    100 |    229 |   2228 |   4 |  786.0 |
       Dungeon |   3144 |   3044 |    100 |    229 |   2228 |   4 |  786.0 |
               +--------+--------+--------+--------+--------+-----+--------+

Top non-repeatable levels by time:
     D:2: 1085 daAuts
     D:3: 963 daAuts
     D:1: 828 daAuts
     D:4: 268 daAuts
